cohdb
Replays
Latest Replays
All Replays
Popular Replays
Top Player Replays
Match Explorer
How It Works
Community
CoH3 Stats
Reddit
Sign in to upload your games and track your stats! →
Sign in with Steam
Match 42149620
Unlisted
Match 42149620
Overview
Messages
Build Orders
End
Construct Barracks
Riflemen Squad
Selects Advanced Infantry Battlegroup
Riflemen Squad
Riflemen Squad
Construct Weapon Support Center
Selects Convert to Ranger Squad
Grenade Package
M1919 Machine Gun Team
Selects Frontline Medical Station
Convert to Ranger Squad
Improved M9 Bazooka Rockets
Convert to Ranger Squad
Infantry Support Center
Selects Artillery Observers
M1 Mortar Team
Kobalskius
BrickTop
Dave
SickOFCauger
0
0
Comments
sign in to comment!
No comments posted yet!